 Dungeon Crawl Stone Soup version 0.28.0-43-g3370ac3207 (webtiles) character file.

Game seed: 7353538385985443689

206 croobank the Skirmisher (level 5, -2/47 HPs)
             Began as a Hill Orc Fighter on Mar 15, 2022.
             Killed by nerve-wracking pain
             ... invoked by Grinder
              (14 damage)
             ... on level 4 of the Dungeon.
             The game lasted 00:07:05 (3050 turns).

croobank the Skirmisher (Hill Orc Fighter)          Turns: 3050, Time: 00:07:06

Health: -2/47      AC: 10    Str: 21    XL:     5   Next: 84%
Magic:  5/5        EV:  7    Int:  8    God:
Gold:   162        SH:  4    Dex: 10    Spells: 4/4 levels left

rFire   . . .      SeeInvis .   w - +2 spear (flame)
rCold   . . .      Faith    .   c - +0 buckler
rNeg    . . .      Spirit   .   y - +0 chain mail
rPois   .          Reflect  .   (no helmet)
rElec   .          Harm     .   (no cloak)
rCorr   .          Rampage  .   (no gloves)
Will    .....                   t - +0 pair of boots
Stlth   ..........              (no amulet)
HPRegen 0.15/turn               (no ring)
MPRegen 0.09/turn               (no ring)

@: mighty
A: no striking features
a: no special abilities


You were on level 4 of the Dungeon.
You visited 1 branch of the dungeon, and saw 4 of its levels.

You collected 162 gold pieces.

Inventory:

Hand Weapons
 a - a +0 war axe
 w - a +2 spear of flaming (weapon)
 x - a +2 dagger of venom
Missiles
 f - 9 javelins (quivered)
 g - 102 stones
 j - 5 poisoned darts
 o - 39 arrows
 r - 29 bolts
Armour
 b - a +0 scale mail
 c - a +0 buckler (worn)
 t - a +0 pair of boots (worn)
 y - a +0 chain mail (worn)
Magical Staves
 m - a staff of earth
Scrolls
 h - a scroll of enchant armour {unknown}
 k - a scroll of enchant weapon {unknown}
 p - a scroll of magic mapping {unknown}
 s - a scroll of immolation {unknown}
 v - a scroll of teleportation {unknown}
Potions
 i - a potion of curing {unknown}
 l - a potion of flight {unknown}
 n - 3 potions of lignification
 q - a potion of degeneration {unknown}
 u - a potion of haste {unknown}


   Skills:
 + Level 4.9 Fighting
 + Level 4.5 Axes
 + Level 4.4 Armour
 + Level 4.4 Shields


You had 4 spell levels left.
You didn't know any spells.
Your spell library was empty.

Dungeon Overview and Level Annotations

Branches:
Dungeon (4/15)
 Temple: D:4-7

Altars:
Qazlal
Uskayaw

Annotations:
D:4 Grinder


Message History

The orc hits you but does no damage.
A kobold comes into view. It is wielding a +0 dagger.
You hit the orc. You burn the orc.
You kill the orc!
Grinder comes into view.
You feel very mighty all of a sudden.
Grinder drinks a potion.
Grinder seems to grow stronger.
Grinder hits you.
You writhe in agony.
You barely miss Grinder. The orc hits you with a +0 war axe.
Grinder closely misses you.
You barely miss Grinder. The orc hits you with a +0 war axe. Grinder hits you.
You puncture Grinder! You burn Grinder.
Grinder is moderately wounded.
You block the orc's attack. Grinder completely misses you.
You closely miss Grinder.
Grinder is moderately wounded.
The orc hits you but does no damage.
Grinder blinks!
An orc wizard comes into view. It is wielding a +0 dagger.
Grinder closely misses you.
You hit Grinder. You burn Grinder.
Grinder is moderately wounded.
The orc hits you with a +0 war axe. Grinder gestures at you.
Pain shoots through your body!
You puncture Grinder! You burn Grinder.
Grinder is severely wounded.
The orc hits you with a +0 war axe. Grinder hits you!
* * * LOW HITPOINT WARNING * * *
You block the orc wizard's attack.
Okay, then.
Blink to where?
Press: ? - help, Dir - move target
As you read the scroll of blinking, it crumbles to dust.
Grinder blinks!
Grinder grins, showing sharp teeth.
Grinder gestures at you. You resist with significant effort.
Grinder gestures at you. Pain shoots through your body!
You die...

.......# #..........# #.#......
.......####..........# #.#......
.......#....#..##....# #.#......
.......#....#..##....# #.###.#..
.....†......#..##....# #.....#..
.......#....#...####### #######..
....#..####.#.)........ .........
....#..####.###..##### #######..
#####..#..#<....@...###########..
..................5......oo.K....
#######...#................#.####
.......#.#.###..#######.#.#
###....#.#.####.## #.#K#
#....#.#.......# #.#.#
#....#.#######.# #.#.# #....#.#
.. #.#.# .....#.# .# #.#.#


You could see Grinder (strong).

Vanquished Creatures
  An iguana (D:4)
  5 adders (D:2)
  4 gnolls (D:3)
  6 worms
  A dart slug (D:1)
  3 orcs
  3 bats
  5 endoplasms
  A giant cockroach (D:1)
  12 goblins
  9 hobgoblins
  4 jackals (D:2)
  4 kobolds
  A quokka (D:1)
  5 ball pythons
  5 frilled lizards
  6 rats
75 creatures vanquished.

Notes
Turn   | Place    | Note
-------+----------+-------------------------------------------
     0 | D:1      | croobank the Hill Orc Fighter began the quest for the Orb.
     0 | D:1      | Reached XP level 1. HP: 19/19 MP: 1/1
   432 | D:1      | Reached XP level 2. HP: 27/27 MP: 2/2
   641 | D:1      | Found a faded altar of an unknown god.
   951 | D:2      | Reached XP level 3. HP: 33/33 MP: 3/3
  1330 | D:2      | Reached XP level 4. HP: 39/40 MP: 4/4
  1741 | D:2      | Reached XP level 5. HP: 16/47 MP: 5/5
  2661 | D:3      | Found a stormy altar of Qazlal.
  2839 | D:3      | Found a hide-covered altar of Uskayaw.
  3036 | D:4      | Noticed Grinder
  3050 | D:4      | Killed from afar by Grinder

Illustrated notes

Levels and vault maps discovered:
D:1:      shiori_arrival_oz, layout_loops_cross,
          chequers_ecumenical_altar_simple
D:2:      cheibrodos_greedy_goblins, layout_basic
D:3:      layout_rooms, lemuel_doored_altar, nicolae_qazlal_general_emergency,
          due_unseen_surprise
D:4:      layout_basic, uniq_sigmund, uniq_grinder, uniq_crazy_yiuf_cottage

Skill      XL: |  1  2  3  4 |
---------------+-------------+-----
Axes           | 3 4 |  4.5
Fighting       | 4 |  4.9
Shields        | 4 |  4.4
Armour         | 4 |  4.4

Action                   |  1- 3 |  4- 6 || total
-------------------------+-------+-------++-------
Melee: War axe           |    81 |   113 ||   194
       Spear             |       |    33 ||    33
  Use: Scroll            |       |     3 ||     3
       Potion            |       |     2 ||     2
Armor: Scale mail        |    27 |    47 ||    74
       Chain mail        |       |     2 ||     2
Dodge: Dodged            |    39 |    76 ||   115
Block: Buckler           |    15 |    29 ||    44
